 Dungeon Crawl Stone Soup version 0.26.0-20-g3ca415f5b8 (webtiles) character file.

Game seed: 9385603765059747212

408 kaeus the Fighter (level 6, -11/93 HPs)
             Began as a Minotaur Abyssal Knight on Jan 25, 2021.
             Was a Priest of Lugonu.
             Mangled by an ogre
             ... wielding a +0 giant spiked club
              (22 damage)
             ... on level 3 of the Dungeon on Jan 26, 2021.
             The game lasted 00:04:15 (2928 turns).

kaeus the Fighter (Minotaur Abyssal Knight)         Turns: 2928, Time: 00:04:16

Health: -11/93     AC: 23    Str: 16 (18) XL:     6   Next: 57%
Magic:  6/8        EV:  2    Int:  6 (7)  God:    Lugonu [***...]
Gold:   246        SH:  9    Dex:  9 (10) Spells: 5/5 levels left

rFire    + . .     SeeInvis .   a - +1 hand axe
rCold    + + .     Faith    .   l - +0 kite shield
rNeg     + + +     Spirit   .   (armour currently unavailable)
rPois    +         Reflect  .   (helmet currently unavailable)
rElec    +         Harm     .   (cloak currently unavailable)
rCorr    +         Rampage  .   (gloves currently unavailable)
Will     .....     NoTele   +   (boots currently unavailable)
Stlth    +.........             (no amulet)
HPRegen  0.25/turn              c - ring of protection from cold
MPRegen  0.11/turn              o - +4 ring of evasion

@: mighty, tree-form, resistant, very slightly contaminated, hasted, invisible,
very quick
A: (retaliatory headbutt), [dopey 1], [subdued magic 2]
a: Renounce Religion, Depart the Abyss, Bend Space, Banish


You were on level 3 of the Dungeon.
You worshipped Lugonu.
Lugonu was most pleased with you.
You were a tree.
You visited 1 branch of the dungeon, and saw 3 of its levels.
You visited the Abyss 1 time.

You collected 246 gold pieces.

Inventory:

Hand Weapons
 a - a +1 hand axe (weapon)
Armour
 l - a +0 kite shield (worn)
 u - a +0 pair of gloves (melded)
 v - a +0 ring mail (melded)
 x - a +0 cloak (melded)
Jewellery
 c - a ring of protection from cold (left branch)
 o - a +4 ring of evasion (right branch)
Wands
 w - a wand of iceblast (9)
 y - a wand of disintegration (12)
Scrolls
 f - a scroll of noise {unknown}
 i - 5 scrolls of identify {unknown}
 k - a scroll of enchant armour {unknown}
 n - 5 scrolls of remove curse {unknown}
 r - 2 scrolls of enchant weapon {unknown}
 s - 3 scrolls of fear {unknown}
Potions
 b - a potion of haste
 d - 2 potions of magic
 m - a potion of lignification
 p - a potion of might


   Skills:
 + Level 8.8 Fighting
 + Level 6.4 Axes
 + Level 6.5 Armour
 + Level 5.6 Dodging
 + Level 5.5 Shields
 + Level 5.3 Invocations


You had 5 spell levels left.
You didn't know any spells.
Your spell library contained the following spells:

 Spells                   Type           Power        Failure   Level
 Confusing Touch          Hex            0%           99%         3
 Gell's Gravitas          Tloc           0%           99%         3
 Petrify                  Tmut/Erth      0%           100%        4
 Metabolic Englaciation   Hex/Ice        0%           100%        5
 Yara's Violent Unravell  Hex/Tmut       0%           100%        5


Dungeon Overview and Level Annotations

Branches:
Dungeon (3/15)

Altars:


Innate Abilities, Weirdness & Mutations

((You reflexively headbutt those who attack you in melee.))
((You have a pair of horns on your head.))
[You are dopey. (Int -2)]
[Your spells are easier to cast, but less powerful.]


Message History

You feel stronger.
You regained 2 hp, and now have 6/93 hp.
It was a potion of heal wounds.
You feel much better.
The ogre hits you with a +0 giant spiked club!
* * * LOW HITPOINT WARNING * * *
You regained 4 hp, and now have 10/93 hp.
It was a potion of resistance.
You feel protected.
It was a potion of invisibility.
You fade into invisibility!
The ogre barely misses you.
You are very lightly contaminated with residual magic.
It was a potion of flight.
Your roots keep you in place.
You drop a potion of degeneration.
The ogre hits you but does no damage.
You barely miss the ogre.
The ogre is moderately wounded.
You slash the ogre!
The ogre is severely wounded.
The ogre hits you with a +0 giant spiked club!!
You die...

..###########.### #.#
#### #.# ..### ####.#
#... ..##.# #..####
#.##.# # #..##.##
#.##.#
#.##..#...###.##.#
#...♣......##.##.####
####.O...............
#......)##.#######
##.#...###.# #.##.##
#.# #.#### #.# #.#
#(# #.. ..# ### ###


You could see an ogre.

Vanquished Creatures
  An orc priest (D:3)
  Jessica (D:2)
  Robin (D:2)
  3 adders (D:2)
  A white imp (D:3)
  2 oozes
  A worm (D:2)
  2 dart slugs (D:3)
  2 leopard geckos (D:3)
  9 orcs (D:3)
  7 giant cockroaches
  10 hobgoblins
  3 jackals (D:2)
  8 kobolds
  2 quokkas (D:3)
  6 bats
  6 frilled lizards
  13 goblins
  6 rats
84 creatures vanquished.

Notes
Turn   | Place    | Note
-------+----------+-------------------------------------------
     0 | Abyss:1  | kaeus the Minotaur Abyssal Knight began the quest for the
                  | Orb.
     0 | Abyss:1  | Reached XP level 1. HP: 19/19 MP: 1/1
    88 | Abyss:2  | Noticed a wretched star
    94 | D:1      | Escaped the Abyss
   446 | D:1      | Reached * piety under Lugonu
   539 | D:1      | Reached XP level 2. HP: 27/27 MP: 2/2
  1230 | D:2      | Reached XP level 3. HP: 12/33 MP: 3/3
  1232 | D:2      | Reached skill level 4 in Fighting
  1307 | D:2      | Noticed Jessica
  1315 | D:2      | Reached ** piety under Lugonu
  1316 | D:2      | Killed Jessica
  1317 | D:2      | Reached XP level 4. HP: 6/40 MP: 4/4
  1941 | D:2      | Noticed Robin
  1957 | D:2      | Killed Robin
  2140 | D:2      | Reached skill level 1 in Shields
  2463 | D:3      | Reached XP level 5. HP: 47/47 MP: 6/6
  2477 | D:3      | Reached *** piety under Lugonu
  2906 | D:3      | Noticed an ogre
  2921 | D:3      | Reached skill level 8 in Fighting
  2921 | D:3      | Reached skill level 5 in Dodging
  2921 | D:3      | Reached skill level 5 in Shields
  2921 | D:3      | Reached skill level 5 in Invocations
  2921 | D:3      | Reached XP level 6. HP: 6/62 MP: 6/8
  2928 | D:3      | Mangled by an ogre

Illustrated notes

Levels and vault maps discovered:
D:1:      saegor_arrival_simple_b, layout_loops_corners
D:2:      layout_basic, uniq_robin, uniq_jessica
D:3:      layout_loops_ring, minmay_fractal_squares_5

Skill      XL: |  1  2  3  4  5 |
---------------+----------------+-----
Invocations    | 2 5 |  5.3
Fighting       | 4 8 |  8.8
Axes           | 3 6 |  6.4
Armour         | 3 6 |  6.5
Dodging        | 2 5 |  5.6
Shields        | 1 5 |  5.5

Action                   |  1- 3 |  4- 6 || total
-------------------------+-------+-------++-------
Melee: Hand axe          |    61 |    95 ||   156
       Headbutt          |     8 |    10 ||    18
Invok: Depart the Abyss  |     1 |       ||     1
       Bend Space        |       |     3 ||     3
  Use: Potion            |       |    10 ||    10
Armor: Leather armour    |    28 |     6 ||    34
       Ring mail         |       |    18 ||    18
       Skin              |       |     3 ||     3
Dodge: Dodged            |    44 |    69 ||   113
Block: Kite shield       |    16 |    36 ||    52
